 Dungeon Crawl Stone Soup version 0.18.1-48-g4cf74bf (webtiles) character file.

6339 sarahorange the Destroyer (level 10, -36/51 HPs)
             Began as a Deep Elf Conjurer on June 27, 2016.
             Was an Elder of Vehumet.
             Annihilated by a hill giant
             ... wielding a +0 giant club
              (41 damage)
             ... on level 10 of the Dungeon on June 28, 2016.
             The game lasted 02:10:21 (12818 turns).

sarahorange the Destroyer (Deep Elf Conjurer)      Turns: 12818, Time: 02:10:22

Health: -36/51     AC: 11    Str:  7    XL:     10   Next: 64%
Magic:  36/36      EV: 15    Int: 22    God:    Vehumet [****..]
Gold:   527        SH:  0    Dex: 15    Spells: 10 memorised, 5 levels left

rFire  . . .     SeeInvis .     x - +3 mace (holy)
rCold  . . .     Gourm    .     a - +0 robe
rNeg   . . .     Faith    .     (no shield)
rPois  .         Spirit   .     z - +2 helmet
rElec  .         Dismiss  .     q - +1 cloak
rCorr  .         Reflect  .     n - +1 pair of gloves
SustAt .         Harm     .     l - +1 pair of boots
MR     +....                    (no amulet)
Stlth  +++.......               C - ring of magical power
                                E - ring of wizardry

@: about to teleport, somewhat resistant to hostile enchantments, fairly
stealthy
A: no striking features
a: Renounce Religion


You were on level 10 of the Dungeon.
You worshipped Vehumet.
Vehumet was greatly pleased with you.
You were hungry.

You visited 2 branches of the dungeon, and saw 11 of its levels.

You collected 767 gold pieces.
You spent 240 gold pieces at shops.

Inventory:

Hand Weapons
 g - a +0 dagger of venom
 s - the +4 war axe of Huijelus {chop, rN+}
   (You found it on level 6 of the Dungeon)

   It inflicts extra damage upon your enemies.
   It protects you from negative energy.
 x - a +3 mace of holy wrath (weapon)
Missiles
 f - 453 stones (quivered)
 t - 6 javelins of penetration
Armour
 a - a +0 robe (worn)
 l - a +1 pair of boots (worn)
 n - a +1 pair of gloves (worn)
 q - a +1 cloak (worn)
 z - a +2 helmet (worn)
Magical Staves
 K - an uncursed staff of energy {unknown}
Jewellery
 u - an uncursed ring of sustain attributes
 B - a +5 ring of evasion
 C - a ring of magical power (right hand)
 E - a ring of wizardry (left hand)
Wands
 d - a wand of iceblast (12/15)
 i - a wand of flame (7/48)
 o - a wand of polymorph (12/24)
 p - a wand of polymorph (2/24)
 r - a wand of polymorph (16/24)
 v - a wand of iceblast (12/15)
Scrolls
 e - 4 scrolls of teleportation
 h - 7 scrolls of remove curse
 m - 5 scrolls of magic mapping
 y - 2 scrolls of amnesia {unknown}
 A - a scroll of fog
 D - 3 scrolls of identify
 G - 2 scrolls of recharging
 J - a scroll of enchant weapon
Potions
 j - a potion of haste {unknown}
 k - a potion of flight
 w - 2 potions of brilliance
 F - a potion of curing
Books
 b - a book of Conjurations

   Spells                             Type                      Level
   a - Magic Dart                     Conjuration                  1
   b - Searing Ray                    Conjuration                  2
   c - Dazzling Spray                 Conjuration/Hexes            3
   d - Fulminant Prism                Conjuration/Hexes            4
   e - Iskenderun's Mystic Blast      Conjuration                  4
   f - Iskenderun's Battlesphere      Conjuration/Charms           5
Comestibles
 c - 8 bread rations
 H - a meat ration
 I - 15 fruits
 L - a slice of pizza


   Skills:
 + Level 0.8 Fighting
 + Level 0.1 Maces & Flails
 + Level 0.6 Throwing
 + Level 6.0 Dodging
 + Level 5.2 Stealth
 + Level 11.9 Spellcasting
 + Level 12.3 Conjurations
 + Level 5.8 Hexes
 + Level 0.4 Charms
 + Level 1.0 Poison Magic
 + Level 1.4 Evocations


You had 5 spell levels left.
You knew the following spells:

 Your Spells              Type           Power        Failure   Level  Hunger
a - Magic Dart            Conj           ####         1%          1    None
b - Searing Ray           Conj           ######       1%          2    None
c - Dazzling Spray        Conj/Hex       ######       1%          3    None
d - Fulminant Prism       Conj/Hex       ######....   1%          4    None
e - Iskenderun's Battles  Conj/Chrm      #####...     1%          5    ####...
f - Sting                 Conj/Pois      ####         1%          1    None
g - Flame Tongue          Conj/Fire      #####        1%          1    None
h - Throw Flame           Conj/Fire      #####.       1%          2    None
i - Olgreb's Toxic Radia  Pois           ###.....     4%          4    None
j - Airstrike             Air            ##........   10%         4    None


Dungeon Overview and Level Annotations

Branches:
Dungeon (10/15)            Temple (1/1) D:4
   Lair: D:8-11         Orc: D:9-12

Altars:
Ashenzari
Cheibriados
Dithmenos
Elyvilon
Fedhas
Gozag
Kikubaaqudgha
Makhleb
Nemelex Xobeh
Okawaru
Pakellas
Qazlal
Ru
Sif Muna
Trog
Vehumet
Xom
Yredelemnul
Zin
The Shining One
Beogh

Shops:
D:5 *   D:7 !   D:9 :

Annotations:
D:8 Malvoorn's ghost, novice DrSk
D:10 Grum


Message History

Confirm with . or Enter, or press ? or * to list all spells.
Aiming: Fulminant Prism
Press: ? - help, Dir - move target cursor You conjure a prism of explosive energy!
You hear a loud crackle.
You are feeling hungry.
You hear an explosion!
You hear a shout! x2
A troll comes into view.
The troll shouts!
A hill giant comes into view. It is wielding a giant club.
The hill giant hits you with a giant club!!
You open the door.
The hill giant hits you with a giant club!!
* * * LOW HITPOINT WARNING * * *
There is an open door here.
As you read the scroll of teleportation, it crumbles to dust.
You feel strangely unstable.
The hill giant hits you with a giant club!!!
Ouch! That really hurt!
You die...

###.##.####...##'#
#.........#....#..
#.........#....#..
#.........#....'..
#.........#....#.. ###
#.T.##...##...##..
###..###...##...##...####
#.......C.............#
#.......@.............#
#.....................#
#.....................#
+......<..............#
#######################


You could see a hill giant and a troll.

Vanquished Creatures
  Pikel (D:6)
  The ghost of boogeech the Magician, a novice VSTm (D:5)
  Grinder (D:3)
  A wyvern (D:8)
  Eustachio (D:5)
  A vampire mosquito (D:9)
  Menkaure (D:4)
  3 sky beasts
  6 orc warriors
  A porcupine (D:6)
  4 ogres
  5 centaurs
  2 big kobolds (D:8)
  A gnoll sergeant (D:8)
  2 water moccasin skeletons
  6 killer bees
  4 scorpions
  4 wights
  An electric eel (D:6)
  5 howler monkeys
  2 centaur zombies
  6 crimson imps
  A wasp zombie (D:8)
  3 giant frog zombies (D:9)
  Crazy Yiuf (D:2)
  A centaur skeleton (D:9)
  7 orc priests
  8 hounds
  8 orc wizards
  2 giant frog skeletons
  A gnoll shaman (D:7)
  Jessica (D:3)
  3 iguanas
  9 worker ants
  A killer bee zombie (D:9)
  Robin (D:4)
  18 gnolls
  9 adders
  A shadow imp (D:7)
  An adder zombie (D:8)
  2 adder skeletons
  4 worms
  A dart slug (D:3)
  4 giant geckos
  53 orcs
  5 giant cockroaches
  13 goblins
  10 hobgoblins
  3 jackals (D:5)
  3 quokkas
  A ball python (D:3)
  4 bats
  2 giant gecko skeletons
  6 giant newts
  22 kobolds
  3 rats
271 creatures vanquished.

Vanquished Creatures (others)
  A shadow imp (D:6)
  56 fulminant prisms
57 creatures vanquished.

Grand Total: 328 creatures vanquished

Notes
Turn   | Place    | Note
--------------------------------------------------------------
     0 | D:1      | sarahorange the Deep Elf Conjurer began the quest for the Orb.
     0 | D:1      | Reached XP level 1. HP: 10/10 MP: 6/6
   590 | D:2      | Reached XP level 2. HP: 15/15 MP: 5/8
   594 | D:2      | Learned a level 2 spell: Searing Ray
   600 | D:2      | Reached skill level 5 in Conjurations
   684 | D:2      | Reached XP level 3. HP: 19/19 MP: 5/9
   692 | D:2      | Found a burning altar of Makhleb.
  1288 | D:2      | Reached XP level 4. HP: 23/24 MP: 3/11
  1362 | D:2      | Learned a level 3 spell: Dazzling Spray
  1602 | D:2      | Noticed Crazy Yiuf
  1648 | D:2      | Killed Crazy Yiuf
  1648 | D:2      | Reached skill level 6 in Conjurations
  1948 | D:3      | Reached XP level 5. HP: 28/28 MP: 3/13
  2074 | D:3      | Reached skill level 7 in Conjurations
  2326 | D:3      | Noticed Jessica
  2358 | D:3      | Killed Jessica
  2358 | D:3      | Reached XP level 6. HP: 25/32 MP: 6/14
  2492 | D:3      | Found a shattered altar of Ashenzari.
  2532 | D:3      | Noticed Grinder
  2544 | D:3      | Killed Grinder
  2544 | D:3      | Reached skill level 5 in Spellcasting
  2544 | D:3      | Reached skill level 8 in Conjurations
  2544 | D:3      | Reached XP level 7. HP: 13/36 MP: 0/16
  3082 | D:3      | Learned a level 4 spell: Fulminant Prism
  3313 | D:4      | Reached skill level 1 in Hexes
  3529 | D:4      | Noticed Robin
  3793 | D:4      | Noticed Menkaure
  3798 | D:4      | Killed Menkaure
  3812 | D:4      | Learned a level 5 spell: Iskenderun's Battlesphere
  3876 | D:4      | Found a staircase to the Ecumenical Temple.
  3886 | Temple   | Entered the Ecumenical Temple
  3937 | Temple   | Became a worshipper of Vehumet
  3985 | D:4      | Killed Robin
  4128 | D:4      | Reached skill level 9 in Conjurations
  4419 | D:5      | Entered Level 5 of the Dungeon
  4433 | D:5      | Noticed Eustachio
  4446 | D:5      | Killed Eustachio
  4484 | D:5      | Noticed boogeech's ghost (novice VSTm)
  4606 | D:5      | Killed boogeech's ghost
  4606 | D:5      | Reached XP level 8. HP: 21/41 MP: 12/20
  4905 | D:5      | Reached skill level 10 in Conjurations
  5284 | D:5      | Found an ancient bone altar of Kikubaaqudgha.
  5285 | D:5      | Found a sacrificial altar of Ru.
  5287 | D:5      | Found a basalt altar of Yredelemnul.
  5288 | D:5      | Found a glowing silver altar of Zin.
  5289 | D:5      | Found an oddly glowing altar of Pakellas.
  5292 | D:5      | Found a snail-covered altar of Cheibriados.
  5295 | D:5      | Found an opulent altar of Gozag.
  5557 | D:5      | Found Gaiptus's General Store.
  5568 | D:5      | Bought a bread ration for 50 gold pieces
  5568 | D:5      | Bought a scroll of enchant armour for 75 gold pieces
  5577 | D:5      | Reached * piety under Vehumet
  5577 | D:5      | Offered knowledge of Sting by Vehumet.
  5580 | D:5      | Learned a level 1 spell: Sting
  5774 | D:6      | Noticed Pikel
  6659 | D:6      | Reached XP level 9. HP: 34/45 MP: 16/23
  6744 | D:6      | Killed Pikel
  6867 | D:6      | Reached skill level 11 in Conjurations
  6986 | D:6      | Got an encrusted war axe
  6997 | D:6      | Identified the +4 war axe of Huijelus {chop, rN+} (You found it on level 6 of the Dungeon)
  7886 | D:7      | Noticed Prince Ribbit
  8528 | D:7      | Found Ytzeip's Distillery.
  8540 | D:7      | Bought a potion of mutation for 25 gold pieces
  8540 | D:7      | Bought a potion of heal wounds for 50 gold pieces
  8540 | D:7      | Bought a potion of brilliance for 40 gold pieces
  8750 | D:6      | Reached skill level 10 in Spellcasting
  8947 | D:6      | Noticed Prince Ribbit
  8947 | D:6      | Prince Ribbit changed into Prince Ribbit the hell hound
  8957 | D:6      | Noticed Prince Ribbit
  8957 | D:6      | Prince Ribbit the hell hound changed into Prince Ribbit the porcupine
  8960 | D:6      | Killed Prince Ribbit the porcupine
  8960 | D:6      | Reached skill level 5 in Dodging
  8960 | D:6      | Reached skill level 5 in Hexes
  9258 | D:7      | Offered knowledge of Flame Tongue by Vehumet.
  9261 | D:7      | Learned a level 1 spell: Flame Tongue
  9283 | D:7      | Reached ** piety under Vehumet
  9408 | D:7      | Reached XP level 10. HP: 46/51 MP: 23/26
  9560 | D:8      | Reached skill level 1 in Evocations
  9626 | D:8      | Reached skill level 1 in Poison Magic
 10238 | D:8      | Reached skill level 5 in Stealth
 10244 | D:8      | Offered knowledge of Throw Flame by Vehumet.
 10249 | D:8      | Learned a level 2 spell: Throw Flame
 10363 | D:8      | Found a shattered altar of Ashenzari.
 10948 | D:8      | Noticed Malvoorn's ghost (novice DrSk)
 11204 | D:9      | Reached *** piety under Vehumet
 11264 | D:9      | Reached skill level 12 in Conjurations
 11340 | D:9      | Offered knowledge of Olgreb's Toxic Radiance by Vehumet.
 11346 | D:9      | Learned a level 4 spell: Olgreb's Toxic Radiance
 11687 | D:9      | Found a roughly hewn altar of Beogh.
 11814 | D:9      | Found a blossoming altar of Fedhas.
 12044 | D:9      | Reached **** piety under Vehumet
 12119 | D:9      | Found Dahel's Book Shoppe.
 12189 | D:9      | Offered knowledge of Airstrike by Vehumet.
 12195 | D:9      | Learned a level 4 spell: Airstrike
 12541 | D:10     | Entered Level 10 of the Dungeon
 12546 | D:10     | Noticed a hill giant
 12667 | D:10     | Noticed Grum
 12804 | D:10     | Noticed a hill giant
 12818 | D:10     | Annihilated by a hill giant

Skill      XL: |  1  2  3  4  5  6  7  8  9 10 |
---------------+-------------------------------+-----
Conjurations   | 5 6 7 8 9 10 11 12 | 12.3
Spellcasting   | 4 5 6 8 10 11 | 11.9
Stealth        | 3 4 5 |  5.2
Hexes          | 2 3 5 |  5.8
Dodging        | 3 5 6 |  6.0
Evocations     | 1 |  1.4
Poison Magic   | 1 |  1.0
Fighting       | |  0.8
Maces & Flails | |  0.1
Throwing       | |  0.6
Charms         | |  0.4

Action                   |  1- 3 |  4- 6 |  7- 9 | 10-12 || total
-------------------------+-------+-------+-------+-------++-------
Melee: Dagger            |       |     6 |       |       ||     6
       Mace              |       |       |     6 |       ||     6
Throw: Stone             |     2 |     2 |       |       ||     4
 Cast: Magic Dart        |    28 |    43 |    95 |    66 ||   232
       Searing Ray       |     7 |    11 |    58 |    60 ||   136
       Dazzling Spray    |       |     2 |    18 |    16 ||    36
       Fulminant Prism   |       |       |    33 |    24 ||    57
       Sting             |       |       |    16 |    16 ||    32
       Iskenderun's Batt |       |       |     1 |       ||     1
Evoke: Wand              |       |       |     8 |       ||     8
  Use: Scroll            |       |     4 |    10 |     1 ||    15
       Potion            |       |       |     7 |     1 ||     8
  Eat: Chunk             |     1 |     4 |    12 |     4 ||    21
       Meat ration       |       |       |     1 |       ||     1
       Pizza             |       |       |     1 |       ||     1
       Royal jelly       |       |       |     1 |       ||     1
       Beef jerky        |       |       |     3 |     1 ||     4
       Bread ration      |       |       |       |     1 ||     1
Armor: Robe              |       |     4 |    37 |    24 ||    65
Dodge: Dodged            |     7 |     6 |    96 |    47 ||   156
